 Dungeon Crawl Stone Soup version 0.30-a0-1160-g6e42c06551 (console) character file.

Game seed: 16460587419846124237

2 petzl the Sneak (level 1, -1/18 HPs)
             Began as a Formicid Delver on Apr 27, 2023.
             Was an Initiate of Vehumet.
             Slain by an orc
             ... wielding a +0 hand axe
              (7 damage)
             ... on level 5 of the Dungeon.
             The game lasted 00:01:24 (259 turns).

petzl the Sneak (Formicid Delver)                    Turns: 259, Time: 00:01:25

Health: -1/18      AC:  3    Str: 16    XL:     1   Next: 33%
Magic:  1/1        EV: 12    Int:  9    God:    Vehumet [......]
Gold:   28         SH:  0    Dex: 15    Spells: 0/0 levels left

rFire   + . .        a - +0 mace
rCold   . . .        (no shield)
rNeg    . . .        b - +0 leather armour
rPois   .            (helmet unavailable)
rElec   .            (no cloak)
rCorr   .            (no gloves)
SInv    +            (no boots)
Will    .....        (no amulet)
Stlth   +++          i - ring of protection from fire
HPRegen 0.23/turn    (no ring)
MPRegen 0.07/turn

%: no passive effects
@: no status effects
A: permanent stasis, dig shafts and tunnels, antennae 3, four strong arms
a: Dig, Shaft Self, Renounce Religion


You were on level 5 of the Dungeon.
You worshipped Vehumet.
Vehumet was noncommittal.
You visited 2 branches of the dungeon, and saw 3 of its levels.

You collected 28 gold pieces.

Inventory:

Hand Weapons
 a - a +0 mace (weapon)
Armour
 b - a +0 leather armour (worn)
Jewellery
 i - a ring of protection from fire (left hand)
Wands
 f - a wand of digging (3)
Scrolls
 c - a scroll of fog
 d - a scroll of magic mapping
 e - a scroll of fear
 g - a scroll of identify {unknown}
Potions
 h - a potion of curing {unknown}


   Skills:
 + Level 3.3 Fighting
 + Level 2.0 Maces & Flails
 + Level 1.8 Dodging
 + Level 6.0 Stealth


You couldn't memorise any spells.
You didn't know any spells.
Your spell library was empty.

Dungeon Overview and Level Annotations

Branches:
Dungeon (6/15)             Temple (1/1) D:5

Altars:
Ashenzari
Cheibriados
Dithmenos
Elyvilon
Fedhas
Hepliaklqana
Kikubaaqudgha
Makhleb
Nemelex Xobeh
Okawaru
Qazlal
Ru
Sif Muna
Trog
Uskayaw
Vehumet
Wu Jian
Xom
Yredelemnul
Zin
The Shining One


Innate Abilities, Weirdness & Mutations

You cannot be hasted, slowed, berserked, paralysed or teleported.
You can dig through walls and to a lower floor.
You have a pair of large antennae on your head. (SInv)
Your four strong arms can wield two-handed weapons with a shield.


Message History

There is a stone staircase leading down here.
You climb downwards.
There is a stone staircase leading up here.
An orc comes into view. It is wielding a +0 mace.
An orc comes into view. It is wielding a +0 dagger.
An orc comes into view. It is wielding a +0 hand axe.
The orc shouts!
You hear a shout!
An orc comes into view. It is wielding a +0 hand axe.
The orc shouts!
The orc throws a boomerang.
The boomerang hits you.
There is a stone staircase leading up here.
The orc shouts!
You hear a shout!
An orc priest comes into view. It is wielding a +1 heavy flail.
The orc barely misses you.
You climb upwards.
There is a stone staircase leading down here.
You hit the orc but do no damage. The orc hits you but does no damage.
The orc closely misses you.
You sock the orc!
You kill the orc!
Vehumet accepts your kill.
Things that are here:
a +0 hand axe {!f =f}; a +0 leather armour
There is a stone staircase leading down here.
Things that are here:
a +0 hand axe {!f =f}; a +0 leather armour
There is a stone staircase leading down here.
You climb downwards.
The orc hits you with a +0 hand axe! The orc closely misses you.
There is a stone staircase leading up, spattered with blood here.
The orc barely misses you.
You climb upwards.
There is a stone staircase leading down here.
You hit the orc.
The orc is moderately wounded.
The orc hits you with a +0 hand axe.
You barely miss the orc.
The orc is moderately wounded.
The orc hits you with a +0 hand axe!
You die...

.# ##+## #.# ##...### #.#
##......## ###.#
##....⌠...#####...#
#..>..............#
+...⌠.>.⌠.........##
#..........##......#
##....⌠..#.##.#....#
##......#.##...>..#
##...###.##.###..#
.########+## #o##.....)#
####........#.# #@##.###.##
#.......###.#.####........#
#.......# #.#.#....##.#####
#.......###.....##.# #
#........##....(##.#
#........##.....##.# #
#................#.##.#
#...........###.......#
############# #.##.####
#.##.# #....# ######


You could see an orc.

Vanquished Creatures
  An orc (D:5)
1 creature vanquished.

Notes
Turn   | Place    | Note
-------+----------+-------------------------------------------
     0 | D:5      | petzl the Formicid Delver began the quest for the Orb.
     0 | D:5      | Reached XP level 1. HP: 18/18 MP: 1/1
    16 | D:5      | Found a staircase to the Ecumenical Temple.
    27 | Temple   | Entered the Ecumenical Temple
   133 | Temple   | Became a worshipper of Vehumet
   169 | D:6      | Noticed an orc wizard
   245 | D:6      | Noticed an orc priest
   259 | D:5      | Slain by an orc

Illustrated notes

Levels and vault maps discovered:
D:5:      layout_loops_corners, temple_fountains, serial_bayou_pond_e,
          serial_park_tiny_2, minmay_misc_feat_chi
D:6:      layout_basic
Temple:   kilobyte_greek_temple

Action                     || total
---------------------------++-------
  Melee: Mace              ||     4
 Armour: Leather armour    ||     1
  Dodge: Dodged            ||     4

Table legend: (Time is in decaauts)
 A = Elapsed time spent in this place.
 B = Non-inter-level travel time spent in this place.
 C = Inter-level travel time spent in this place.
 D = Time resting spent in this place.
 E = Time spent auto-exploring this place.
 F = Levels seen in this place.
 G = Mean time per level.
                   A        B        C        D        E       F      G
               +--------+--------+--------+--------+--------+-----+--------+
         Total |    261 |    223 |     38 |      0 |     88 |   3 |   87.0 |
       Dungeon |    124 |    123 |      1 |      0 |      0 |   2 |   62.0 |
        Temple |    136 |     99 |     37 |      0 |     88 |   1 |  136.0 |
               +--------+--------+--------+--------+--------+-----+--------+

Top non-repeatable levels by time:
  Temple: 136 daAuts
     D:5: 105 daAuts
     D:6: 19 daAuts
